 Dungeon Crawl Stone Soup version 0.24-a0-525-g9231cdc (webtiles) character file.

Game seed: 4190248984094072834

2907 Svalin the Cleaver (level 9, -1/82 HPs)
             Began as a Hill Orc Monk on Aug 3, 2019.
             Was an Elder of Beogh.
             Succumbed to a queen bee's poison
             ... on level 7 of the Dungeon.
             The game lasted 00:23:15 (9556 turns).

Svalin the Cleaver (Hill Orc Monk)                  Turns: 9556, Time: 00:23:16

Health: -1/82      AC: 15    Str: 16    XL:     9   Next: 78%
Magic:  9/9        EV:  8    Int: 10    God:    Beogh [****..]
Gold:   490        SH:  0    Dex: 14    Spells: 8/8 levels left

rFire    . . .     SeeInvis .   h - +1 war axe
rCold    . . .     Gourm    .   (no shield)
rNeg     + . .     Faith    .   f - +0 chain mail
rPois    .         Spirit   .   d - +0 helmet
rElec    .         Reflect  .   C - +2 cloak
rCorr    .         Harm     .   (no gloves)
MR       +....                  (no boots)
Stlth    ..........             t - amulet of magic regeneration
HPRegen  0.23/turn              s - ring of positive energy
MPRegen  0.36/turn              k - ring of protection from magic

@: lethally poisoned (-1 -> -29)
A: no striking features
a: Smiting, Recall Orcish Followers, Renounce Religion


You were on level 7 of the Dungeon.
You worshipped Beogh.
Beogh was greatly pleased with you.
You were not hungry.

You visited 1 branch of the dungeon, and saw 8 of its levels.
You also visited: Sewer.

You collected 490 gold pieces.

Inventory:

Hand Weapons
 a - a +0 hand axe
 h - a +1 war axe (weapon)
 y - the +1 mace of Conscience {crush, Int+3 Dex+2, unknown}
   (You found it on level 6 of the Dungeon)

   It inflicts extra damage upon your enemies.
   It affects your intelligence (+3).
   It affects your dexterity (+2).
 B - the +4 quarterstaff of Jaoghesh {protect, Int+2 Dex+7, unknown}
   (You found it on level 7 of the Dungeon)

   It grants its wielder temporary protection when it strikes (+7 to AC).
   It affects your intelligence (+2).
   It affects your dexterity (+7).
 D - a +0 glaive of venom
 H - a +1 trident of protection
Missiles
 n - 3 boomerangs (quivered)
Armour
 d - a +0 helmet (worn)
 f - a +0 chain mail (worn)
 C - a +2 cloak (worn)
Jewellery
 k - a ring of protection from magic (right hand)
 s - a ring of positive energy (left hand)
 t - an amulet of magic regeneration (around neck)
 z - an uncursed ring of fire {unknown}
 E - a +2 ring of protection {unknown}
Wands
 o - a wand of iceblast (5)
 w - a wand of digging (6)
 F - a wand of enslavement (10)
 G - a wand of clouds (4)
Scrolls
 e - 2 scrolls of magic mapping
 i - 3 scrolls of fear
 j - 4 scrolls of remove curse
 m - 7 scrolls of teleportation
 r - a scroll of vulnerability
 u - a scroll of fog
Potions
 p - a potion of heal wounds {unknown}
 q - a potion of cancellation {unknown}
 x - a potion of mutation {unknown}
 A - a potion of resistance {unknown}
Comestibles
 c - 10 rations


   Skills:
 + Level 8.5 Fighting
 * Level 12.6 Axes
 + Level 6.9 Armour
 - Level 2.4 Dodging
 - Level 1.5 Stealth


You had 8 spell levels left.
You didn't know any spells.
Your spell library contained the following spells:

 Spells                   Type           Power        Failure   Level  Hunger
 Animate Skeleton         Necr           N/A          99%         1    ##.....
 Apportation              Tloc           #.....       99%         1    ##.....
 Confusing Touch          Hex            #.....       99%         1    ##.....
 Summon Small Mammal      Summ           #...         99%         1    ##.....


Dungeon Overview and Level Annotations

Branches:
Dungeon (8/15)             Temple (0/1) D:5
   Lair: D:8-11

Altars:
Dithmenos
Elyvilon
Kikubaaqudgha
Makhleb
Nemelex Xobeh
Qazlal
Yredelemnul
The Shining One

Shops:
D:5 }

Annotations:
D:8 Maurice


Message History

* * * LOW HITPOINT WARNING * * *
You slash the queen bee!
The queen bee is severely wounded.
You feel sick. The queen bee stings you.
* * * LOW HITPOINT WARNING * * *
You hit the queen bee.
The queen bee is almost dead.
The queen bee stings you.
* * * LOW HITPOINT WARNING * * *
You are lethally poisoned!
The queen bee poisons you!
You closely miss the queen bee.
The queen bee is almost dead.
* * * LOW HITPOINT WARNING * * *
You feel very sick. The queen bee stings you!
* * * LOW HITPOINT WARNING * * *
You hit the queen bee.
The queen bee is almost dead.
You die...

#.........................#...
#.........................#...
#.............................
#############.................
#.................
#.............###.
#.............# #.
#.............# #.
#@y.....(.....# ##
###############


You could see a queen bee.

Vanquished Creatures
  Pikel (D:4)
  An ice beast (D:6)
  A black bear (D:4)
  An orc warrior (D:6)
  3 sky beasts
  2 slaves (D:5)
  2 ogres
  A phantom (D:6)
  A necrophage (D:5)
  A centaur (D:5)
  2 bullfrogs
  A gnoll sergeant (D:6)
  2 killer bees
  A wight (D:6)
  2 howler monkeys (D:6)
  7 crimson imps
  An orc priest (D:6)
  A hound (D:6)
  A centaur zombie (D:6)
  2 gnoll shamans (D:6)
  An orc wizard (D:6)
  A centaur skeleton (D:6)
  Ijyb (D:3)
  3 worker ants
  12 gnolls
  A worker ant zombie (D:5)
  6 adders
  7 river rats (Sewer)
  2 shadow imps
  2 white imps (D:7)
  2 oozes (D:1)
  An adder zombie (D:7)
  2 worms (D:2)
  A dart slug (D:2)
  4 leopard geckos
  7 orcs
  10 bats
  7 giant cockroaches
  8 goblins
  4 hobgoblins
  8 jackals
  4 quokkas
  9 ball pythons
  12 frilled lizards
  3 kobolds
  A quokka skeleton (D:6)
  9 rats
162 creatures vanquished.

Vanquished Creatures (collateral kills)
  A sky beast (D:7)
  A bullfrog zombie (D:6)
  4 crimson imps
  A hound (D:6)
  An orc wizard (D:6)
  A worker ant (D:6)
  3 gnolls (D:6)
  An adder (D:7)
  3 orcs (D:6)
16 creatures vanquished.

Vanquished Creatures (others)
  An orc warrior (D:8)
  A worker ant (D:5)
  4 orcs
6 creatures vanquished.

Grand Total: 184 creatures vanquished

Notes
Turn   | Place    | Note
-------+----------+-------------------------------------------
     0 | D:1      | Svalin the Hill Orc Monk began the quest for the Orb.
     0 | D:1      | Reached XP level 1. HP: 19/19 MP: 1/1
   210 | D:1      | Reached XP level 2. HP: 26/26 MP: 2/2
   238 | D:1      | Reached skill level 5 in Axes
   239 | D:1      | You fall into a shaft and drop 1 floor!
   738 | D:1      | Reached XP level 3. HP: 21/31 MP: 3/3
  1514 | D:2      | Found a basalt altar of Yredelemnul.
  1739 | D:2      | Reached XP level 4. HP: 37/40 MP: 4/4
  1744 | D:2      | Reached skill level 6 in Axes
  1744 | D:2      | Reached skill level 1 in Armour
  2240 | D:3      | Found a stormy altar of Qazlal.
  2272 | D:3      | Found a sparkling altar of Nemelex Xobeh.
  2551 | D:3      | Found a white marble altar of Elyvilon.
  2629 | D:3      | Noticed Ijyb
  2640 | D:3      | Killed Ijyb
  2640 | D:3      | Reached XP level 5. HP: 46/46 MP: 5/5
  2994 | D:4      | Became a worshipper of Beogh the Brigand
  2994 | D:4      | Reached * piety under Beogh
  2994 | D:4      | Reached ** piety under Beogh
  3042 | D:4      | Found a glowing drain.
  3090 | Sewer    | Entered a sewer
  3708 | Sewer    | Reached skill level 7 in Axes
  4022 | D:4      | Reached XP level 6. HP: 48/53 MP: 6/6
  4132 | D:4      | Noticed a black bear
  4149 | D:4      | Killed a black bear
  4294 | D:5      | Entered Level 5 of the Dungeon
  4344 | D:5      | Found a staircase to the Ecumenical Temple.
  4372 | D:5      | Reached skill level 5 in Fighting
  4372 | D:5      | Reached skill level 8 in Axes
  4497 | D:5      | Noticed a necrophage
  4515 | D:5      | Killed a necrophage
  4515 | D:5      | Reached XP level 7. HP: 57/60 MP: 7/7
  4525 | D:5      | Found Loizei's Gadget Shop.
  4807 | D:5      | Reached *** piety under Beogh
  4957 | D:5      | Noticed Pikel
  5313 | D:4      | Killed Pikel
  5313 | D:4      | Reached skill level 10 in Axes
  5313 | D:4      | Reached XP level 8. HP: 48/70 MP: 8/8
  5505 | D:5      | Reached skill level 5 in Armour
  5666 | D:5      | You fall into a shaft and drop 3 floors!
  5714 | D:8      | Noticed Maurice
  6145 | D:6      | Reached skill level 11 in Axes
  6361 | D:5      | Reached XP level 9. HP: 54/78 MP: 9/9
  7102 | D:6      | Reached **** piety under Beogh
  7117 | D:6      | Reached skill level 12 in Axes
  7566 | D:6      | Found a glowing golden altar of the Shining One.
  7655 | D:6      | Found a shadowy altar of Dithmenos.
  7655 | D:6      | Found an ancient bone altar of Kikubaaqudgha.
  7660 | D:6      | Found a faded altar of an unknown god.
  7662 | D:6      | Found a burning altar of Makhleb.
  7664 | D:6      | Found a faded altar of an unknown god.
  8291 | D:6      | Got a twisted mace
  8620 | D:7      | Got a bone quarterstaff
  9236 | D:8      | Noticed a queen bee
  9253 | D:7      | HP: 4/82 [killer bee (4)]
  9555 | D:7      | HP: 1/82 [queen bee (8)]
  9556 | D:7      | Succumbed to a queen bee's poison

Levels and vault maps discovered:
D:1:      dpeg_arrival_long_road, layout_rooms, serial_bayou_lagoon_b
D:2:      layout_rooms, lemuel_round_altar, eino_curves_04,
          minmay_quadrilaterals
D:3:      layout_loops_ring, grunt_qazlal_sundering,
          nemelex_xobeh_ov_fountains_minmay, elyvilon_altar_5, uniq_ijyb
D:4:      layout_rooms, first_ration, portal_sewer_entry_f, amethyst_killhole
D:5:      layout_loops_cross, minmay_temple_entry_stoned_glass, serial_shops,
          nicolae_shop_crystal, hangedman_glass_teeth, uniq_pikel
D:6:      minmay_razor_zed, layout_basic, nicolae_tso_carved_into_rock,
          chequers_temple_overflow_minitemple
D:7:      layout_basic, minmay_nine_imps
D:8:      layout_basic, david_nohive_1, lemuel_blue_sif_altar, uniq_maurice,
          uniq_psyche

Skill      XL: |  1  2  3  4  5  6  7  8  9 |
---------------+----------------------------+-----
Axes           | 5 6 7 8 10 11 12 | 12.6
Armour         | 1 2 3 4 5 6 |  6.9
Fighting       | 4 5 6 7 8 |  8.5
Dodging        | |  2.4
Stealth        | |  1.5

Action                   |  1- 3 |  4- 6 |  7- 9 || total
-------------------------+-------+-------+-------++-------
Melee: Hand axe          |   120 |   311 |   197 ||   628
       War axe           |       |       |   260 ||   260
Throw: Javelin           |     1 |       |     5 ||     6
       Boomerang         |       |       |     6 ||     6
Invok: Convert to Beogh  |       |     1 |       ||     1
  Use: Scroll            |       |     1 |    17 ||    18
       Potion            |       |       |     5 ||     5
  Eat: Chunk             |     3 |     9 |     7 ||    19
       Ration            |       |       |     3 ||     3
Armor: Robe              |     8 |       |       ||     8
       Chain mail        |    54 |   204 |   235 ||   493
       Skin              |       |       |    47 ||    47
Dodge: Dodged            |    89 |   117 |   154 ||   360

Table legend:
 A = Non-vault XP
 B = Vault XP
 C = Vault XP percentage of total XP
 D = Non-vault monster count
 E = Vault monster count
 F = Vault count percentage of total count
                 A         B        C        D         E       F
            +---------+---------+-------+---------+---------+-------
      Total |    2444 |    1710 |  41.2 |     120 |      57 |  32.2
            +---------+---------+-------+---------+---------+-------
        D:1 |      40 |       0 |   0.0 |      19 |       0 |   0.0
        D:2 |      61 |      15 |  19.7 |      21 |       6 |  22.2
        D:3 |      17 |      36 |  67.9 |       8 |       1 |  11.1
        D:4 |     163 |     653 |  80.0 |       5 |       6 |  54.5
        D:5 |     854 |       0 |   0.0 |      22 |       0 |   0.0
        D:6 |    1119 |     491 |  30.5 |      39 |      10 |  20.4
        D:7 |     190 |     357 |  65.3 |       6 |      10 |  62.5
        D:8 |       0 |      36 | 100.0 |       0 |       1 | 100.0
      Sewer |       0 |     122 | 100.0 |       0 |      23 | 100.0
            +---------+---------+-------+---------+---------+-------
